 Dungeon Crawl Stone Soup version 0.23.1-41-g7e51ed3 (webtiles) character file.

Game seed: 1166580647131290412

26411 Borgoz the Slicer (level 13, -4/80 HPs)
             Began as a Kobold Hunter on Mar 29, 2019.
             Was a Believer of Ashenzari.
             Slain by an orc warrior
             ... wielding a +3 glaive
              (14 damage)
             ... on level 13 of the Dungeon.
             The game lasted 00:44:23 (18304 turns).

Borgoz the Slicer (Kobold Hunter)                  Turns: 18304, Time: 00:44:24

Health: -4/80      AC: 10    Str: 13    XL:     13   Next: 57%
Magic:  18/18      EV: 21    Int: 13    God:    Ashenzari [**....]
Gold:   366        SH:  0    Dex: 16    Spells: 10/12 levels left

rFire    + . .     SeeInvis .   a - +4 dagger (venom)
rCold    . . .     Gourm    .   (shield restricted)
rNeg     . . .     Faith    .   V - +0 troll leather armour
rPois    .         Spirit   .   X - +2 hat
rElec    .         Reflect  .   (no cloak)
rCorr    .         Harm     .   g - +0 pair of gloves
MR       .....                  Q - +0 pair of boots
Stlth    +++++.....             x - amulet of rage
HPRegen  0.63/turn              c - ring of protection from fire
MPRegen  0.16/turn              z - +2 ring of slaying

@: studying Bows
A: small, carnivore
a: Curse Item, Scrying, Renounce Religion, Evoke Berserk Rage


You were on level 13 of the Dungeon.
You worshipped Ashenzari.
Ashenzari was pleased with you.
You were very full.

You visited 2 branches of the dungeon, and saw 14 of its levels.
You visited the Abyss 1 time.

You collected 886 gold pieces.
You spent 520 gold pieces at shops.

Inventory:

Hand Weapons
 a - a +4 dagger of venom (weapon)
 b - a +1 hand crossbow
 F - a +0 short sword of protection
 H - a +3 dagger
 L - a +3 dagger
 M - a +0 dagger of speed
 U - a +0 dagger of distortion
Missiles
 d - 98 bolts
 o - 21 tomahawks (quivered)
Armour
 g - a +0 pair of gloves (worn)
 B - a +3 leather armour of fire resistance
 Q - a +0 pair of boots (worn)
 S - a +4 scale mail of fire resistance
 V - a +0 troll leather armour (worn)
 X - a +2 hat (worn)
Jewellery
 c - a ring of protection from fire (left hand)
 j - a +3 ring of protection
 x - an amulet of rage (around neck)
 z - a +2 ring of slaying (right hand)
 D - a +3 ring of protection
 Y - an uncursed ring of fire
Wands
 p - a wand of paralysis (5)
 u - a wand of polymorph (21)
 y - a wand of random effects (16)
 A - a wand of flame (36)
 G - a wand of iceblast (6)
 R - a wand of acid (3)
Scrolls
 i - 7 scrolls of teleportation
 k - 11 scrolls of remove curse
 n - 4 scrolls of amnesia
 r - 2 scrolls of enchant armour
 t - 3 scrolls of magic mapping
 v - 4 scrolls of fear
 w - a scroll of acquirement {unknown}
 C - 2 scrolls of fog {unknown}
 E - 2 scrolls of random uselessness {unknown}
 J - 2 scrolls of enchant weapon {unknown}
 K - a scroll of vulnerability {unknown}
 N - a scroll of blinking {unknown}
 O - a scroll of holy word {unknown}
 W - a scroll of noise {unknown}
Potions
 e - a potion of agility
 h - 2 potions of haste
 l - a potion of lignification
 m - 5 potions of flight
 q - 4 potions of curing
 I - 4 potions of cancellation
 P - a potion of might
 Z - a potion of invisibility {unknown}
Books
 T - a manual of Bows
Comestibles
 f - 30 rations
 s - 2 chunks of flesh


   Skills:
 + Level 8.9 Fighting
 * Level 13.6 Short Blades
 + Level 9.0 Crossbows
 * Level 9.2 Armour
 + Level 9.5 Dodging
 + Level 11.1 Stealth
 - Level 7.0 Evocations


You had 10 spell levels left.
You knew the following spells:

 Your Spells              Type           Power        Failure   Level  Hunger
a - Blink                 Tloc           N/A          50%         2    ###....

Your spell library contained the following spells:

 Spells                   Type           Power        Failure   Level  Hunger
 Flame Tongue             Conj/Fire      #....        36%         1    ##.....
 Magic Dart               Conj           #...         36%         1    ##.....
 Sandblast                Erth           #.....       36%         1    ##.....
 Summon Butterflies       Summ           #.......     36%         1    ##.....
 Call Imp                 Summ           #.......     50%         2    ###....
 Passwall                 Tmut/Erth      #.......     50%         2    ###....
 Slow                     Hex            #.......     50%         2    ###....
 Throw Flame              Conj/Fire      #.....       50%         2    ###....
 Call Canine Familiar     Summ           #.......     73%         3    ####...
 Conjure Flame            Conj/Fire      #.......     73%         3    ####...
 Inner Flame              Hex/Fire       #.......     73%         3    ####...
 Mephitic Cloud           Conj/Pois/Air  #.......     73%         3    ####...
 Stone Arrow              Conj/Erth      #.....       73%         3    ####...
 Petrify                  Tmut/Erth      #.......     98%         4    #####..
 Sticky Flame             Conj/Fire      #.......     98%         4    #####..
 Summon Ice Beast         Ice/Summ       #.......     98%         4    #####..
 Fireball                 Conj/Fire      #.........   100%        5    ######.
 Lee's Rapid Deconstruct  Erth           #.........   100%        5    ######.
 Summon Mana Viper        Hex/Summ       #.......     100%        5    ######.
 Summon Hydra             Summ           #.........   100%        7    #######


Dungeon Overview and Level Annotations

Branches:
Dungeon (13/15)            Temple (1/1) D:5            Lair (0/6) D:11
    Orc (0/2) D:12
 Vaults: D:13-14

Altars:
Ashenzari
Cheibriados
Dithmenos
Elyvilon
Fedhas
Gozag
Hepliaklqana
Kikubaaqudgha
Makhleb
Nemelex Xobeh
Okawaru
Qazlal
Ru
Sif Muna
Trog
Uskayaw
Vehumet
Wu Jian
Xom
Yredelemnul
Zin
The Shining One

Shops:
D:4 *   D:6 (   D:10 =

Annotations:
D:9 1 runed translucent door, grocchini's ghost, journeyman KoHu
D:13 2 transporters, sdfsdf's ghost, journeyman DDFi


Innate Abilities, Weirdness & Mutations

You are small and have problems with some larger weapons.
You are carnivorous and can eat meat at any time.


Message History

The orc wizard points at you and mumbles some strange words.
The magic dart hits you.
* * * LOW HITPOINT WARNING * * *
The orc wizard barely misses you.
The orc warrior hits you from afar with a +3 glaive!
* * * LOW HITPOINT WARNING * * *
You hit the orc wizard.
The orc wizard looks as sick as possible!
The orc wizard is severely wounded.
You hit the orc wizard.
You kill the orc wizard!
The orc warrior hits you with a +3 glaive!
* * * LOW HITPOINT WARNING * * *
The orc wizard casts a spell at you.
You easily resist.
You hit the orc warrior.
The orc warrior is poisoned.
The orc warrior is lightly wounded.
You feel better.
The orc warrior hits you with a +3 glaive!
You die...

* , * , *.##* ** *
* .... ,, , # * *
....###### .# , * *
.......##.##* , ,
,......... ,+ * **
,**#o#..####,
#.@().).# # , , *
#.o[....#.# , * , *
#.........##.# * *,
#.....#.#.##...# *
* ###.....#.#(.<..,
, ,
####.#.##....#.# ,,
#......## ...#.# *
#.......###..#.#
#.....#.#....#.###*


You could see an orc warrior and an orc wizard.

Vanquished Creatures
  A centaur warrior (D:13)
  3 two-headed ogres
  Sonja (D:12)
  An unseen horror (D:9)
  Pikel (D:5)
  A cyclops (D:10)
  6 ugly things
  A gargoyle (D:11)
  A komodo dragon (D:11)
  A redback zombie (D:13)
  6 trolls
  4 slime creatures (D:13)
  A hornet (D:11)
  5 hippogriffs
  A shadow (D:11)
  5 yaks
  A human (D:7)
  4 hungry ghosts
  A wraith (D:8)
  3 wyverns
  4 hogs (D:7)
  7 vampire mosquitoes
  Menkaure (D:5)
  4 wargs
  2 soldier ants
  An acid dragon (D:12)
  2 water moccasins
  4 porcupines
  6 ice beasts
  8 orc warriors
  4 phantoms
  4 sky beasts
  6 black bears
  2 necrophages
  9 ogres
  9 centaurs
  2 crocodiles
  A big kobold (D:12)
  12 bullfrogs
  2 gnoll sergeants
  2 wyvern zombies
  2 wyvern skeletons
  7 scorpions
  15 killer bees
  11 wights
  5 howler monkeys
  10 crimson imps
  3 bullfrog zombies
  A quasit (D:11)
  14 hounds
  A gnoll shaman (D:5)
  9 orc priests
  3 bullfrog skeletons
  4 jellies
  10 orc wizards
  6 centaur skeletons
  Jessica (D:3)
  Ijyb (D:3)
  14 worker ants
  3 iguanas
  A hound zombie (D:6)
  A howler monkey skeleton (D:9)
  8 gnolls
  17 adders
  3 shadow imps
  2 adder skeletons
  An adder zombie (D:9)
  8 worms
  4 dart slugs
  7 leopard geckos
  27 orcs
  5 giant cockroaches
  6 goblins
  10 hobgoblins
  23 jackals
  13 kobolds
  7 quokkas
  A ball python (D:3)
  9 bats
  9 frilled lizards
  2 leopard gecko skeletons
  4 quokka skeletons
  A quokka zombie (D:4)
  7 rats
  3 plants (D:1)
439 creatures vanquished.

Vanquished Creatures (others)
  2 crimson imps (D:6)
  28 fungi (D:11)
  8 plants (D:11)
38 creatures vanquished.

Grand Total: 477 creatures vanquished

Notes
Turn   | Place    | Note
-------+----------+-------------------------------------------
     0 | D:1      | Borgoz the Kobold Hunter began the quest for the Orb.
     0 | D:1      | Reached XP level 1. HP: 12/12 MP: 1/1
   410 | D:1      | Reached XP level 2. HP: 17/17 MP: 2/2
   440 | D:1      | Reached skill level 1 in Short Blades
   676 | D:1      | Reached XP level 3. HP: 22/22 MP: 3/3
   759 | D:1      | Reached skill level 5 in Crossbows
   923 | D:2      | Reached skill level 2 in Short Blades
   923 | D:2      | Reached skill level 1 in Armour
  1169 | D:2      | Reached XP level 4. HP: 22/27 MP: 4/4
  1634 | D:2      | Found a shadowy altar of Dithmenos.
  1642 | D:2      | Reached XP level 5. HP: 20/31 MP: 5/5
  1828 | D:2      | Reached skill level 3 in Short Blades
  2012 | D:2      | Found a radiant altar of Vehumet.
  2511 | D:3      | Noticed Ijyb
  2523 | D:3      | Killed Ijyb
  2523 | D:3      | Reached XP level 6. HP: 26/37 MP: 6/6
  2781 | D:3      | Noticed Jessica
  2800 | D:3      | Killed Jessica
  2997 | D:4      | Reached skill level 4 in Short Blades
  2999 | D:4      | Found an ancient bone altar of Kikubaaqudgha.
  3160 | D:4      | Reached XP level 7. HP: 37/41 MP: 7/7
  3431 | D:4      | Reached skill level 5 in Short Blades
  3475 | D:4      | Found Sezerroq's Assorted Antiques.
  3610 | D:5      | Entered Level 5 of the Dungeon
  3816 | D:5      | Reached XP level 8. HP: 48/48 MP: 8/8
  4132 | D:5      | Reached skill level 6 in Short Blades
  4282 | D:5      | Found a staircase to the Ecumenical Temple.
  4282 | D:5      | Noticed Menkaure
  4289 | D:5      | Killed Menkaure
  4289 | D:5      | Reached skill level 5 in Stealth
  4303 | Temple   | Entered the Ecumenical Temple
  4400 | Temple   | Became a worshipper of Ashenzari the Shackled
  5275 | D:6      | Found Xoitieph's Weapon Shoppe.
  5278 | D:6      | Noticed Pikel
  5318 | D:5      | Killed Pikel
  5318 | D:5      | Reached skill level 5 in Fighting
  5318 | D:5      | Reached skill level 7 in Short Blades
  5318 | D:5      | Reached skill level 5 in Dodging
  5318 | D:5      | Reached XP level 9. HP: 53/54 MP: 9/9
  5514 | D:6      | Reached skill level 8 in Short Blades
  5572 | D:6      | Reached skill level 5 in Armour
  6483 | D:7      | Reached skill level 1 in Evocations
  6872 | D:7      | Reached XP level 10. HP: 49/60 MP: 10/10
  6958 | D:7      | Reached skill level 9 in Short Blades
  7710 | D:8      | Found a deep blue altar of Sif Muna.
  7935 | D:8      | Reached skill level 10 in Short Blades
  8284 | D:8      | Reached XP level 11. HP: 66/66 MP: 13/13
  8389 | D:8      | Reached * piety under Ashenzari
  9096 | D:8      | Identified Sif Muna's Disquisition on the Mountains
 10562 | D:9      | Reached skill level 11 in Short Blades
 10982 | D:9      | Killed an unseen horror
 11799 | D:9      | Found a burning altar of Makhleb.
 11843 | D:9      | Found an opulent altar of Gozag.
 11854 | D:9      | Found a bloodstained altar of Trog.
 11977 | D:9      | Found a runed translucent door.
 12114 | D:9      | Noticed grocchini's ghost (journeyman KoHu)
 12131 | D:10     | Entered Level 10 of the Dungeon
 12327 | D:10     | Reached skill level 5 in Evocations
 12401 | D:10     | Noticed a cyclops
 12413 | D:10     | HP: 4/100 [cyclops (31)]
 12417 | D:10     | Killed a cyclops
 12417 | D:10     | Reached XP level 12. HP: 5/72 MP: 15/15
 12853 | D:10     | Found Zimolut's Jewellery Shoppe.
 12878 | D:10     | Bought an uncursed amulet of rage for 520 gold pieces
 12965 | D:10     | Noticed a two-headed ogre
 12984 | D:10     | Killed a two-headed ogre
 13891 | D:11     | Reached skill level 12 in Short Blades
 14205 | D:11     | Noticed a two-headed ogre
 14223 | D:11     | Killed a two-headed ogre
 14294 | D:11     | Paralysed by a hornet for 1 turns
 14598 | D:10     | Learned a level 2 spell: Blink
 14639 | D:11     | Reached skill level 10 in Stealth
 15041 | D:11     | Found a staircase to the Lair.
 15768 | D:11     | Reached ** piety under Ashenzari
 15974 | D:12     | Noticed a two-headed ogre
 15982 | D:12     | Killed a two-headed ogre
 16013 | D:12     | Found a staircase to the Orcish Mines.
 16050 | D:12     | Noticed Sonja
 16294 | D:12     | Cast into level 2 of the Abyss (Sonja)
 16312 | Abyss:2  | Found an ornate altar of the Wu Jian Council.
 16321 | D:12     | Escaped the Abyss
 16325 | D:12     | Killed Sonja
 16325 | D:12     | Reached XP level 13. HP: 44/79 MP: 17/17
 16878 | D:12     | Reached skill level 13 in Short Blades
 17652 | D:13     | Found a transporter.
 17655 | D:13     | Noticed sdfsdf's ghost (journeyman DDFi)
 17656 | D:13     | Noticed an eight-headed hydra
 17657 | D:13     | Noticed an ice dragon
 17714 | D:13     | Found a transporter.
 17714 | D:13     | Noticed a catoblepas
 17885 | D:13     | Noticed a centaur warrior
 17911 | D:13     | Killed a centaur warrior
 18302 | D:13     | HP: 1/80 [orc warrior/+3 glaive (16)]
 18304 | D:13     | Slain by an orc warrior

Skill      XL: |  1  2  3  4  5  6  7  8  9 10 11 12 13 |
---------------+----------------------------------------+-----
Short Blades   | 1 2 3 4 5 7 8 10 11 12 13 | 13.6
Crossbows      | 5 6 7 8 9 |  9.0
Stealth        | 2 3 4 6 7 8 9 10 11 | 11.1
Armour         | 1 2 3 4 5 6 7 8 9 |  9.2
Dodging        | 3 4 5 6 7 8 9 |  9.5
Fighting       | 3 5 6 7 8 |  8.9
Evocations     | 1 3 5 6 7 |  7.0

Action                   |  1- 3 |  4- 6 |  7- 9 | 10-12 | 13-15 || total
-------------------------+-------+-------+-------+-------+-------++-------
Melee: Short sword       |   307 |    14 |       |       |       ||   321
       Dagger            |       |    74 |   234 |  1137 |   452 ||  1897
 Fire: Hand crossbow     |    70 |   139 |   216 |    15 |       ||   440
Throw: Tomahawk          |       |    15 |       |       |       ||    15
 Abil: Evoke Berserk Rag |       |       |       |     6 |     1 ||     7
Evoke: Wand              |       |       |       |    11 |     1 ||    12
  Use: Potion            |       |       |     8 |     7 |     3 ||    18
       Scroll            |       |       |       |    12 |       ||    12
 Stab: Sleeping          |       |     2 |     4 |    30 |     9 ||    45
       Paralysed         |       |       |       |     2 |     1 ||     3
       Distracted        |       |       |       |     1 |       ||     1
  Eat: Chunk             |    10 |     6 |    14 |    47 |    15 ||    92
Armor: Leather armour    |     3 |    12 |    46 |   122 |     4 ||   187
       Skin              |       |       |    57 |    33 |       ||    90
       Troll leather arm |       |       |       |       |    65 ||    65
Dodge: Dodged            |    29 |   103 |   192 |   710 |   312 ||  1346
